[ AOE2 MATCH · #480443381 ]
UnrankedBulgarians vs Khmer
[ REPLAY ANALYSIS · EXTRACTED FROM THE RECORDED GAME ]
Feudal
15:52
Castle
19:54
Imperial
59:19
| APM avg | 25.8 |
| APM peak | 64 |
| eAPM avg | 13.3 |
| Villagers / military | 83 / 71 |
Focus
⚔️ 35.5% · 🌾 64.5%
Konnik ×62 · Fishing Ship ×20 · Militia ×5 · Spearman ×4
Feudal
12:25
Castle
18:09
Imperial
39:31
| APM avg | 34.6 |
| APM peak | 66 |
| eAPM avg | 19.3 |
| Villagers / military | 197 / 464 |
Focus
⚔️ 35.1% · 🌾 64.9%
Scout Cavalry ×365 · Ballista Elephant ×28 · Archer ×27 · Spearman ×27 · Trebuchet (Packed) ×11 · Fishing Ship ×8
Feudal
14:16
Castle
19:26
Imperial
—
| APM avg | 15.7 |
| APM peak | 55 |
| eAPM avg | 7.3 |
| Villagers / military | 53 / 36 |
Focus
⚔️ 23.5% · 🌾 76.5%
Knight ×26 · Fishing Ship ×21 · Militia ×5 · Fire Galley ×3 · Scout Cavalry ×2
Feudal
13:39
Castle
18:41
Imperial
—
| APM avg | 40.6 |
| APM peak | 93 |
| eAPM avg | 24.2 |
| Villagers / military | 134 / 101 |
Focus
⚔️ 32.4% · 🌾 67.6%
Woad Raider ×59 · Fishing Ship ×17 · Spearman ×11 · Skirmisher ×11 · Mangonel ×10 · Fire Galley ×4
Feudal
15:14
Castle
28:23
Imperial
55:51
| APM avg | 18.7 |
| APM peak | 40 |
| eAPM avg | 10.7 |
| Villagers / military | 89 / 75 |
Focus
⚔️ 30.0% · 🌾 70.0%
Samurai ×29 · Spearman ×20 · Fishing Ship ×12 · Skirmisher ×10 · Militia ×7 · Battering Ram ×6
Feudal
14:05
Castle
22:24
Imperial
45:29
| APM avg | 24.2 |
| APM peak | 87 |
| eAPM avg | 14.3 |
| Villagers / military | 112 / 99 |
Focus
⚔️ 33.2% · 🌾 66.8%
Fishing Ship ×41 · Spearman ×40 · Skirmisher ×34 · Archer ×7 · Rattan Archer ×7 · Trebuchet (Packed) ×6
Match map
Initial resources + every placement click. Lines = walls · curves = elevation contours. ◆ gold · ⬟ stone · ● berries · ✦ relic · ◌ wall gap
Your base· Open — unwalled flank
kontakt's base· Open — unwalled flank
BoomSex's base· Open — unwalled flank
沉睡的小五郎's base· Open — unwalled flank
Gametofit's base· Open — 7t gap
kiddingfff's base· Open — 15t gap
Smoothed initial terrain · ◌ = detected wall gap · hover for details
Inputs per minute
— XONE - - kontakt
Build order — XONE
First 150 of 234 actions detected
| 0:29 | Build | Town Center |
| 1:56 | Build | House |
| 2:55 | Build | Dock |
| 3:23 | Create | Villager (Male) ×4 |
| 3:23 | Research | Loom |
| 5:06 | Create | Villager (Male) |
| 5:45 | Build | House |
| 5:53 | Create | Villager (Male) |
| 6:12 | Create | Villager (Male) |
| 6:37 | Create | Fishing Ship |
| 6:47 | Create | Villager (Male) |
| 6:59 | Build | House |
| 7:29 | Create | Villager (Male) |
| 7:29 | Create | Villager (Male) |
| 7:39 | Create | Fishing Ship |
| 7:44 | Build | House |
| 8:05 | Create | Villager (Male) |
| 8:06 | Create | Villager (Male) |
| 8:34 | Create | Villager (Male) |
| 8:34 | Create | Villager (Male) |
| 8:37 | Create | Fishing Ship |
| 8:57 | Create | Villager (Male) |
| 8:57 | Create | Villager (Male) |
| 9:18 | Build | Mill |
| 9:22 | Create | Villager (Male) |
| 9:23 | Create | Villager (Male) |
| 9:44 | Build | House |
| 9:55 | Create | Villager (Male) |
| 9:55 | Create | Villager (Male) |
| 9:56 | Create | Villager (Male) |
| 10:03 | Create | Fishing Ship |
| 10:12 | Build | House |
| 10:18 | Create | Villager (Male) |
| 10:18 | Create | Villager (Male) |
| 10:18 | Create | Villager (Male) |
| 10:30 | Build | House |
| 10:35 | Create | Villager (Male) |
| 10:35 | Create | Villager (Male) |
| 10:40 | Create | Fishing Ship |
| 11:04 | Create | Villager (Male) |
| 11:04 | Create | Villager (Male) |
| 11:32 | Create | Villager (Male) |
| 11:47 | Create | Fishing Ship |
| 11:47 | Create | Fishing Ship |
| 11:56 | Create | Villager (Male) |
| 12:09 | Create | Fishing Ship |
| 12:36 | Create | Fishing Ship |
| 13:42 | Research | Feudal Age |
| 14:26 | Build | Barracks |
| 14:40 | Build | Palisade Gate |
| 14:53 | Build | Palisade Wall |
| 15:32 | Create | Fishing Ship |
| 15:52 | Age | Feudal Age |
| 15:53 | Create | Villager (Male) |
| 15:53 | Create | Villager (Male) |
| 16:17 | Build | Market |
| 16:37 | Build | Blacksmith |
| 17:15 | Research | Castle Age |
| 17:30 | Build | Mining Camp |
| 17:42 | Create | Militia |
| 17:45 | Create | Spearman |
| 17:47 | Create | Spearman |
| 17:58 | Create | Spearman |
| 18:13 | Create | Spearman |
| 19:16 | Create | Militia |
| 19:17 | Create | Militia |
| 19:39 | Create | Militia |
| 19:54 | Age | Castle Age |
| 20:15 | Create | Militia |
| 20:26 | Build | Krepost |
| 20:30 | Research | Fletching |
| 21:02 | Build | Krepost |
| 22:29 | Build | Krepost |
| 22:38 | Create | Konnik |
| 22:39 | Create | Konnik |
| 22:56 | Create | Konnik |
| 23:19 | Create | Konnik |
| 23:40 | Build | Mining Camp |
| 24:01 | Build | University |
| 24:30 | Research | Murder Holes |
| 25:23 | Create | Konnik |
| 25:32 | Create | Villager (Male) |
| 25:36 | Create | Villager (Male) |
| 26:18 | Create | Konnik |
| 26:59 | Create | Konnik |
| 27:15 | Build | Krepost |
| 27:52 | Create | Villager (Male) |
| 28:36 | Create | Konnik |
| 29:14 | Build | Krepost |
| 29:28 | Create | Konnik |
| 29:43 | Create | Konnik |
| 29:53 | Create | Villager (Male) |
| 30:26 | Create | Konnik |
| 30:26 | Create | Konnik |
| 30:26 | Create | Konnik |
| 30:26 | Create | Konnik |
| 30:46 | Create | Konnik |
| 31:28 | Build | Krepost |
| 31:46 | Build | Fish Trap |
| 31:56 | Build | Fish Trap |
| 31:59 | Build | Fish Trap |
| 32:48 | Build | Lumber Camp |
| 33:45 | Build | Krepost |
| 34:04 | Build | Fish Trap |
| 34:23 | Create | Konnik |
| 34:32 | Research | Bodkin Arrow |
| 34:56 | Create | Konnik |
| 35:32 | Build | Fish Trap |
| 36:07 | Build | Fish Trap |
| 36:18 | Create | Konnik |
| 36:45 | Build | Fish Trap |
| 37:02 | Research | Double-Bit Axe |
| 37:28 | Build | Krepost |
| 37:44 | Build | Fish Trap |
| 38:03 | Build | Fish Trap |
| 38:12 | Create | Villager (Male) |
| 38:22 | Build | Fish Trap |
| 38:46 | Create | Konnik |
| 39:12 | Create | Konnik |
| 40:11 | Build | Dock |
| 40:15 | Create | Villager (Male) |
| 40:16 | Create | Villager (Male) |
| 40:27 | Create | Konnik |
| 40:27 | Create | Konnik |
| 40:28 | Create | Konnik |
| 40:28 | Create | Konnik |
| 40:50 | Create | Konnik |
| 40:51 | Create | Konnik |
| 41:03 | Build | Mining Camp |
| 42:08 | Build | Krepost |
| 43:05 | Research | Tech 906 |
| 43:10 | Create | Villager (Male) |
| 43:16 | Create | Konnik ×5 |
| 43:17 | Create | Konnik ×5 |
| 43:17 | Create | Konnik |
| 43:35 | Create | Villager (Male) |
| 44:03 | Research | Scale Barding Armor |
| 44:31 | Create | Villager (Male) |
| 44:39 | Research | Gillnets |
| 44:45 | Create | Villager (Male) |
| 45:05 | Build | Mining Camp |
| 45:17 | Create | Fishing Ship |
| 45:17 | Create | Fishing Ship |
| 45:23 | Create | Villager (Male) |
| 45:26 | Create | Fishing Ship |
| 45:44 | Create | Villager (Male) |
| 46:04 | Build | Fish Trap |
| 46:09 | Create | Fishing Ship |
| 46:28 | Build | Fish Trap |
| 46:33 | Create | Fishing Ship |
Build order — kontakt
First 150 of 614 actions detected
| 0:13 | Build | House |
| 0:20 | Build | Town Center |
| 1:36 | Build | Dock |
| 2:39 | Create | Villager (Male) |
| 2:39 | Create | Villager (Male) |
| 2:39 | Create | Villager (Male) |
| 2:39 | Create | Villager (Male) |
| 2:39 | Create | Villager (Male) |
| 2:40 | Create | Villager (Male) |
| 3:53 | Create | Fishing Ship |
| 3:53 | Create | Fishing Ship |
| 3:53 | Create | Fishing Ship |
| 4:05 | Research | Loom |
| 4:15 | Build | House |
| 4:29 | Create | Villager (Male) |
| 5:17 | Create | Villager (Male) |
| 5:17 | Create | Villager (Male) |
| 5:17 | Create | Villager (Male) |
| 5:43 | Create | Villager (Male) |
| 5:43 | Create | Villager (Male) |
| 5:44 | Create | Villager (Male) |
| 5:44 | Create | Villager (Male) |
| 6:03 | Create | Villager (Male) |
| 6:03 | Create | Villager (Male) |
| 6:03 | Create | Villager (Male) |
| 6:35 | Create | Fishing Ship |
| 7:09 | Create | Villager (Male) |
| 7:09 | Create | Villager (Male) |
| 7:13 | Build | House |
| 7:15 | Build | House |
| 7:41 | Create | Fishing Ship |
| 8:21 | Create | Villager (Male) |
| 8:27 | Create | Villager (Male) |
| 8:32 | Create | Fishing Ship |
| 8:32 | Create | Fishing Ship |
| 8:53 | Create | Fishing Ship |
| 9:13 | Build | Mill |
| 9:23 | Create | Villager (Male) |
| 9:23 | Create | Villager (Male) |
| 10:02 | Create | Villager (Male) |
| 10:14 | Research | Feudal Age |
| 10:30 | Build | House |
| 10:47 | Build | Mining Camp |
| 10:56 | Build | Mining Camp |
| 10:58 | Create | Villager (Male) |
| 10:58 | Create | Villager (Male) |
| 12:00 | Build | Barracks |
| 12:04 | Build | House |
| 12:09 | Build | Palisade Wall |
| 12:19 | Create | Villager (Male) |
| 12:19 | Create | Villager (Male) |
| 12:25 | Age | Feudal Age |
| 13:11 | Build | Lumber Camp |
| 13:15 | Create | Villager (Male) |
| 13:15 | Create | Villager (Male) |
| 13:29 | Create | Spearman |
| 13:57 | Build | House |
| 14:37 | Build | Archery Range |
| 14:44 | Create | Villager (Male) |
| 15:29 | Research | Castle Age |
| 15:30 | Research | Castle Age |
| 15:32 | Create | Archer |
| 15:33 | Create | Archer |
| 15:42 | Build | Blacksmith |
| 16:15 | Build | House |
| 16:16 | Build | Palisade Wall |
| 16:31 | Build | Palisade Wall |
| 16:35 | Build | Palisade Wall |
| 16:41 | Research | Fletching |
| 16:44 | Create | Archer |
| 16:44 | Create | Archer |
| 16:52 | Build | Palisade Wall |
| 17:07 | Build | House |
| 17:11 | Build | Palisade Wall |
| 17:18 | Build | Palisade Wall |
| 17:31 | Create | Archer |
| 17:31 | Create | Archer |
| 17:37 | Research | Double-Bit Axe |
| 17:59 | Build | Palisade Gate |
| 18:09 | Age | Castle Age |
| 18:19 | Create | Archer |
| 18:22 | Create | Villager (Male) |
| 18:22 | Create | Villager (Male) |
| 18:24 | Create | Villager (Male) |
| 18:54 | Create | Archer |
| 19:12 | Build | Market |
| 19:31 | Research | Bodkin Arrow |
| 19:58 | Build | Town Center |
| 20:06 | Create | Spearman |
| 20:07 | Create | Spearman |
| 20:09 | Create | Archer |
| 20:09 | Create | Archer |
| 20:14 | Create | Villager (Male) |
| 20:14 | Create | Villager (Male) |
| 20:39 | Create | Villager (Male) |
| 20:43 | Create | Villager (Male) |
| 20:43 | Create | Villager (Male) |
| 20:47 | Create | Archer |
| 20:47 | Create | Archer |
| 21:33 | Create | Villager (Male) |
| 21:33 | Create | Villager (Male) |
| 21:41 | Create | Archer |
| 21:41 | Create | Archer |
| 21:51 | Create | Archer |
| 21:56 | Research | Crossbowman (upgrade) |
| 21:57 | Create | Archer |
| 21:58 | Create | Archer |
| 22:29 | Build | House |
| 22:39 | Create | Villager (Male) |
| 22:39 | Create | Villager (Male) |
| 22:39 | Create | Villager (Male) |
| 22:40 | Create | Villager (Male) |
| 22:46 | Build | Town Center |
| 23:08 | Create | Archer |
| 23:08 | Create | Archer |
| 23:17 | Create | Villager (Male) |
| 23:17 | Create | Villager (Male) |
| 23:23 | Build | Farm |
| 23:34 | Create | Villager (Male) |
| 23:34 | Create | Villager (Male) |
| 24:01 | Build | Farm |
| 24:01 | Build | Farm |
| 24:05 | Build | House |
| 24:05 | Build | House |
| 24:06 | Build | House |
| 24:06 | Build | House |
| 24:06 | Build | House |
| 24:15 | Build | Farm |
| 24:25 | Create | Villager (Male) |
| 24:25 | Create | Villager (Male) |
| 24:29 | Build | Farm |
| 24:31 | Build | Farm |
| 24:49 | Create | Villager (Male) |
| 24:51 | Create | Archer |
| 24:51 | Create | Archer |
| 24:57 | Build | House |
| 24:58 | Build | House |
| 24:58 | Build | House |
| 24:58 | Build | House |
| 24:58 | Build | House |
| 25:01 | Build | Farm |
| 25:01 | Build | Farm |
| 25:02 | Build | Farm |
| 25:03 | Create | Villager (Male) |
| 25:03 | Create | Villager (Male) |
| 25:03 | Create | Villager (Male) |
| 25:06 | Create | Archer |
| 25:06 | Create | Archer |
| 25:22 | Create | Villager (Male) |
| 25:22 | Create | Villager (Male) |
Build order — BoomSex
First 150 of 160 actions detected
| 0:55 | Build | Town Center |
| 2:40 | Create | Villager (Male) |
| 2:40 | Create | Villager (Male) |
| 2:41 | Create | Villager (Male) |
| 2:41 | Create | Villager (Male) |
| 4:12 | Create | Villager (Male) |
| 4:13 | Create | Villager (Male) |
| 4:44 | Create | Villager (Male) |
| 5:14 | Create | Villager (Male) |
| 5:56 | Create | Villager (Male) |
| 5:57 | Create | Villager (Male) |
| 5:58 | Create | Villager (Male) |
| 6:07 | Create | Villager (Male) |
| 6:55 | Build | Dock |
| 7:15 | Create | Villager (Male) |
| 7:37 | Create | Fishing Ship |
| 7:37 | Create | Fishing Ship |
| 7:38 | Create | Fishing Ship |
| 7:56 | Create | Villager (Male) |
| 7:57 | Create | Villager (Male) |
| 7:57 | Create | Villager (Male) |
| 7:57 | Create | Villager (Male) |
| 8:34 | Create | Villager (Male) |
| 8:34 | Create | Villager (Male) |
| 8:34 | Create | Villager (Male) |
| 8:42 | Create | Fishing Ship |
| 8:50 | Create | Villager (Male) |
| 8:50 | Create | Villager (Male) |
| 9:05 | Create | Villager (Male) |
| 9:06 | Create | Villager (Male) |
| 9:50 | Create | Villager (Male) |
| 9:50 | Create | Villager (Male) |
| 9:51 | Create | Villager (Male) |
| 9:51 | Create | Villager (Male) |
| 9:51 | Create | Villager (Male) |
| 9:55 | Create | Fishing Ship |
| 9:55 | Create | Fishing Ship |
| 10:42 | Create | Fishing Ship |
| 10:43 | Create | Fishing Ship |
| 11:15 | Create | Villager (Male) |
| 11:15 | Create | Villager (Male) |
| 11:15 | Create | Villager (Male) |
| 11:25 | Build | Lumber Camp |
| 11:38 | Create | Fishing Ship |
| 11:38 | Create | Fishing Ship |
| 11:50 | Build | Dock |
| 11:57 | Research | Feudal Age |
| 11:58 | Research | Feudal Age |
| 12:51 | Build | Mining Camp |
| 13:05 | Create | Fishing Ship |
| 13:05 | Create | Fishing Ship |
| 13:08 | Create | Fishing Ship |
| 13:41 | Create | Villager (Male) |
| 13:41 | Create | Villager (Male) |
| 13:41 | Create | Villager (Male) |
| 13:57 | Create | Fishing Ship |
| 14:07 | Create | Fishing Ship |
| 14:16 | Age | Feudal Age |
| 14:25 | Build | Blacksmith |
| 14:54 | Create | Villager (Male) |
| 14:58 | Create | Fishing Ship |
| 15:18 | Build | Barracks |
| 15:39 | Create | Fishing Ship |
| 15:51 | Create | Villager (Male) |
| 15:52 | Create | Villager (Male) |
| 16:04 | Build | Stable |
| 16:24 | Create | Villager (Male) |
| 16:46 | Research | Castle Age |
| 16:46 | Research | Castle Age |
| 16:51 | Build | Stable |
| 17:06 | Research | Man-at-Arms (upgrade) |
| 17:08 | Create | Militia |
| 17:25 | Create | Fishing Ship |
| 17:25 | Create | Fishing Ship |
| 17:25 | Create | Fishing Ship |
| 17:26 | Create | Fishing Ship |
| 17:46 | Build | Dock |
| 17:54 | Create | Fire Galley |
| 17:58 | Create | Fire Galley |
| 17:59 | Create | Fire Galley |
| 18:21 | Create | Scout Cavalry |
| 18:21 | Create | Scout Cavalry |
| 18:25 | Create | Militia |
| 18:25 | Create | Militia |
| 18:37 | Create | Villager (Male) |
| 18:37 | Create | Villager (Male) |
| 18:41 | Create | Villager (Male) |
| 19:01 | Create | Villager (Male) |
| 19:01 | Create | Villager (Male) |
| 19:26 | Age | Castle Age |
| 19:43 | Create | Militia |
| 19:44 | Create | Militia |
| 19:52 | Build | Town Center |
| 20:00 | Build | Town Center |
| 20:29 | Build | Mill |
| 20:52 | Build | Market |
| 21:45 | Research | Scale Barding Armor |
| 21:45 | Research | Scale Barding Armor |
| 21:47 | Create | Knight |
| 21:47 | Create | Knight |
| 21:47 | Create | Knight |
| 21:49 | Research | Bloodlines |
| 22:10 | Build | Town Center |
| 22:38 | Build | Town Center |
| 22:41 | Research | Forging |
| 22:43 | Create | Knight |
| 22:44 | Create | Knight |
| 22:46 | Create | Knight |
| 23:14 | Create | Knight |
| 23:14 | Create | Knight |
| 24:00 | Create | Villager (Male) |
| 24:00 | Create | Villager (Male) |
| 24:13 | Create | Villager (Male) |
| 24:13 | Create | Villager (Male) |
| 24:41 | Create | Knight |
| 24:41 | Create | Knight |
| 25:22 | Build | Dock |
| 26:44 | Create | Knight |
| 26:45 | Create | Knight |
| 27:47 | Create | Knight |
| 27:48 | Create | Knight |
| 28:53 | Create | Knight |
| 28:54 | Create | Knight |
| 28:54 | Create | Knight |
| 28:56 | Create | Knight |
| 29:47 | Build | Town Center |
| 30:14 | Create | Knight |
| 30:15 | Create | Knight |
| 30:34 | Create | Knight |
| 30:34 | Create | Knight |
| 30:35 | Create | Knight |
| 30:36 | Create | Knight |
| 31:11 | Create | Knight |
| 31:12 | Create | Knight |
| 31:27 | Create | Villager (Male) |
| 31:27 | Create | Villager (Male) |
| 31:32 | Create | Villager (Male) |
| 31:32 | Create | Villager (Male) |
| 31:32 | Create | Villager (Male) |
| 32:10 | Build | Farm |
| 32:10 | Build | Farm |
| 32:11 | Build | Farm |
| 32:13 | Build | Farm |
| 32:13 | Build | Farm |
| 32:16 | Build | Farm |
| 34:33 | Build | Fish Trap |
| 34:33 | Build | Fish Trap |
| 34:33 | Build | Fish Trap |
| 34:34 | Build | Fish Trap |
| 34:34 | Build | Fish Trap |
Build order — 沉睡的小五郎
First 150 of 374 actions detected
| 0:21 | Build | House |
| 0:38 | Build | Town Center |
| 0:56 | Build | Dock |
| 1:03 | Build | Palisade Wall |
| 1:04 | Build | Palisade Wall |
| 1:10 | Build | Palisade Wall |
| 1:56 | Build | Palisade Wall |
| 2:56 | Create | Villager (Male) |
| 2:56 | Create | Villager (Male) |
| 2:56 | Create | Villager (Male) |
| 2:57 | Create | Villager (Male) |
| 2:57 | Create | Villager (Male) |
| 2:57 | Create | Villager (Male) |
| 4:01 | Create | Villager (Male) |
| 4:01 | Create | Villager (Male) |
| 4:10 | Create | Fishing Ship |
| 4:10 | Create | Fishing Ship |
| 4:46 | Create | Fishing Ship |
| 5:03 | Build | House |
| 5:17 | Research | Loom |
| 5:33 | Create | Villager (Male) |
| 5:39 | Create | Fishing Ship |
| 5:39 | Create | Fishing Ship |
| 6:07 | Build | House |
| 6:10 | Create | Villager (Male) |
| 6:10 | Create | Villager (Male) |
| 6:22 | Create | Fishing Ship |
| 6:41 | Build | House |
| 6:53 | Create | Villager (Male) |
| 6:54 | Create | Villager (Male) |
| 7:08 | Create | Fishing Ship |
| 7:23 | Build | House |
| 7:35 | Create | Villager (Male) |
| 7:35 | Create | Villager (Male) |
| 7:56 | Create | Villager (Male) |
| 7:56 | Create | Villager (Male) |
| 7:58 | Create | Fishing Ship |
| 8:09 | Build | House |
| 8:15 | Create | Villager (Male) |
| 8:36 | Create | Villager (Male) |
| 8:36 | Create | Villager (Male) |
| 8:36 | Create | Villager (Male) |
| 8:46 | Build | House |
| 9:24 | Create | Villager (Male) |
| 9:35 | Build | Palisade Gate |
| 9:37 | Build | House |
| 9:52 | Build | Lumber Camp |
| 10:11 | Create | Villager (Male) |
| 10:20 | Create | Villager (Male) |
| 11:04 | Create | Villager (Male) |
| 11:24 | Research | Feudal Age |
| 11:43 | Build | Palisade Wall |
| 12:16 | Build | Mining Camp |
| 13:20 | Create | Villager (Male) |
| 13:39 | Age | Feudal Age |
| 13:40 | Research | Double-Bit Axe |
| 13:51 | Build | Barracks |
| 14:08 | Build | Mill |
| 14:33 | Create | Villager (Male) |
| 14:34 | Create | Villager (Male) |
| 14:54 | Build | Blacksmith |
| 15:04 | Create | Spearman |
| 15:04 | Create | Spearman |
| 15:25 | Build | Market |
| 15:32 | Create | Spearman |
| 15:47 | Build | Palisade Wall |
| 15:54 | Create | Villager (Male) |
| 15:54 | Create | Villager (Male) |
| 16:01 | Research | Castle Age |
| 16:16 | Create | Spearman |
| 16:29 | Build | Palisade Wall |
| 16:48 | Build | House |
| 17:09 | Research | Scale Mail Armor |
| 17:43 | Build | Archery Range |
| 17:47 | Build | House |
| 17:51 | Create | Fire Galley |
| 17:56 | Create | Villager (Male) |
| 17:56 | Create | Villager (Male) |
| 18:14 | Build | Palisade Wall |
| 18:15 | Build | Palisade Wall |
| 18:41 | Age | Castle Age |
| 19:04 | Create | Villager (Male) |
| 19:04 | Create | Villager (Male) |
| 19:13 | Build | Palisade Wall |
| 19:19 | Research | Pikeman (upgrade) |
| 19:24 | Create | Villager (Male) |
| 19:46 | Research | Town Watch |
| 20:02 | Build | Palisade Wall |
| 20:20 | Create | Villager (Male) |
| 20:20 | Create | Villager (Male) |
| 20:40 | Research | Elite Skirmisher (upgrade) |
| 21:11 | Create | Fire Galley |
| 21:13 | Create | Villager (Male) |
| 21:30 | Create | Skirmisher |
| 21:31 | Create | Skirmisher |
| 21:40 | Create | Skirmisher |
| 22:00 | Build | Palisade Wall |
| 22:02 | Build | Palisade Wall |
| 22:36 | Research | Fletching |
| 23:05 | Create | Skirmisher |
| 23:05 | Create | Skirmisher |
| 23:54 | Build | Castle |
| 24:01 | Create | Villager (Male) |
| 24:02 | Create | Villager (Male) |
| 24:02 | Create | Villager (Male) |
| 24:02 | Create | Villager (Male) |
| 25:01 | Create | Skirmisher |
| 25:01 | Create | Skirmisher |
| 25:01 | Create | Skirmisher |
| 25:11 | Create | Villager (Male) |
| 25:36 | Create | Skirmisher |
| 25:48 | Build | Siege Workshop |
| 26:04 | Build | Outpost |
| 26:23 | Build | House |
| 26:32 | Build | Palisade Gate |
| 26:36 | Create | Villager (Male) |
| 27:01 | Build | Lumber Camp |
| 27:02 | Create | Mangonel |
| 27:31 | Build | Siege Workshop |
| 27:34 | Create | Villager (Male) |
| 27:34 | Create | Villager (Male) |
| 27:35 | Create | Villager (Male) |
| 27:53 | Create | Mangonel |
| 28:25 | Create | Villager (Male) |
| 28:26 | Create | Villager (Male) |
| 28:31 | Build | Mining Camp |
| 28:50 | Build | House |
| 29:08 | Create | Mangonel |
| 29:09 | Create | Villager (Male) |
| 29:32 | Build | House |
| 29:33 | Build | House |
| 30:02 | Build | House |
| 30:18 | Create | Villager (Male) |
| 30:18 | Create | Villager (Male) |
| 30:19 | Create | Villager (Male) |
| 30:32 | Create | Mangonel |
| 31:12 | Create | Woad Raider |
| 31:12 | Create | Woad Raider |
| 31:52 | Create | Battering Ram |
| 31:52 | Create | Battering Ram |
| 32:04 | Build | Lumber Camp |
| 32:10 | Build | House |
| 32:27 | Build | Stone Wall |
| 32:37 | Build | Stone Wall |
| 32:47 | Create | Villager (Male) |
| 32:48 | Create | Villager (Male) |
| 33:09 | Build | Stone Wall |
| 33:16 | Create | Villager (Male) |
| 33:25 | Create | Mangonel |
| 33:34 | Build | House |
Build order — Gametofit
First 150 of 252 actions detected
| 0:40 | Build | Town Center |
| 1:47 | Build | House |
| 3:04 | Create | Villager (Male) |
| 3:05 | Create | Villager (Male) |
| 3:05 | Create | Villager (Male) |
| 3:06 | Create | Villager (Male) |
| 3:06 | Create | Villager (Male) |
| 3:15 | Build | House |
| 3:16 | Build | House |
| 3:20 | Build | Palisade Wall |
| 3:55 | Research | Loom |
| 4:23 | Create | Villager (Male) |
| 4:23 | Create | Villager (Male) |
| 5:11 | Create | Villager (Male) |
| 5:25 | Build | Lumber Camp |
| 5:47 | Create | Villager (Male) |
| 5:47 | Create | Villager (Male) |
| 5:48 | Create | Villager (Male) |
| 6:24 | Create | Villager (Male) |
| 6:25 | Create | Villager (Male) |
| 7:06 | Build | Dock |
| 7:47 | Create | Villager (Male) |
| 7:47 | Create | Villager (Male) |
| 7:55 | Create | Fishing Ship |
| 8:24 | Create | Villager (Male) |
| 8:25 | Create | Villager (Male) |
| 8:41 | Create | Fishing Ship |
| 9:00 | Create | Villager (Male) |
| 9:01 | Create | Villager (Male) |
| 9:17 | Create | Villager (Male) |
| 9:18 | Create | Villager (Male) |
| 9:30 | Build | Mining Camp |
| 9:37 | Create | Villager (Male) |
| 9:44 | Build | House |
| 9:46 | Build | House |
| 10:12 | Create | Fishing Ship |
| 11:17 | Create | Villager (Male) |
| 11:18 | Create | Villager (Male) |
| 11:23 | Create | Fishing Ship |
| 11:38 | Build | Mill |
| 12:13 | Create | Villager (Male) |
| 12:15 | Create | Fishing Ship |
| 12:40 | Build | Barracks |
| 12:53 | Build | Palisade Gate |
| 13:04 | Research | Feudal Age |
| 13:22 | Build | House |
| 13:28 | Build | House |
| 13:32 | Build | House |
| 13:38 | Create | Fishing Ship |
| 13:44 | Create | Villager (Male) |
| 13:45 | Create | Villager (Male) |
| 13:49 | Create | Militia |
| 13:50 | Create | Militia |
| 13:52 | Create | Militia |
| 14:16 | Create | Militia |
| 14:29 | Build | House |
| 14:33 | Create | Fishing Ship |
| 14:34 | Create | Fishing Ship |
| 14:34 | Create | Fishing Ship |
| 14:35 | Create | Fishing Ship |
| 15:14 | Age | Feudal Age |
| 15:20 | Research | Man-at-Arms (upgrade) |
| 15:27 | Research | Arson |
| 16:23 | Build | Palisade Wall |
| 16:27 | Research | Double-Bit Axe |
| 16:32 | Build | Archery Range |
| 16:44 | Build | Dock |
| 16:55 | Build | Palisade Wall |
| 17:02 | Create | Militia |
| 17:02 | Create | Militia |
| 17:04 | Create | Villager (Male) |
| 17:04 | Create | Villager (Male) |
| 17:06 | Create | Villager (Male) |
| 17:21 | Build | Palisade Gate |
| 17:25 | Build | Palisade Wall |
| 17:31 | Create | Skirmisher |
| 17:31 | Create | Skirmisher |
| 17:32 | Create | Skirmisher |
| 17:36 | Create | Villager (Male) |
| 17:49 | Create | Militia |
| 18:25 | Build | House |
| 19:01 | Create | Skirmisher |
| 19:01 | Create | Skirmisher |
| 19:04 | Create | Villager (Male) |
| 19:04 | Create | Villager (Male) |
| 19:25 | Build | Mining Camp |
| 19:36 | Build | Watch Tower |
| 20:33 | Build | Lumber Camp |
| 20:36 | Create | Villager (Male) |
| 20:37 | Research | Wheelbarrow |
| 22:51 | Create | Villager (Male) |
| 23:37 | Create | Villager (Male) |
| 23:37 | Create | Villager (Male) |
| 25:01 | Build | Palisade Wall |
| 25:05 | Build | Blacksmith |
| 25:19 | Build | Mining Camp |
| 25:43 | Research | Castle Age |
| 26:17 | Build | Dock |
| 26:35 | Research | Fletching |
| 26:36 | Research | Forging |
| 26:37 | Research | Scale Mail Armor |
| 27:12 | Create | Skirmisher ×5 |
| 27:40 | Create | Spearman |
| 27:40 | Create | Spearman |
| 28:23 | Age | Castle Age |
| 28:32 | Create | Villager (Male) ×3 |
| 28:54 | Research | Elite Skirmisher (upgrade) |
| 29:10 | Build | Town Center |
| 29:22 | Create | Villager (Male) |
| 29:45 | Research | Stone Mining |
| 30:43 | Research | Iron Casting |
| 30:56 | Create | Fishing Ship |
| 30:56 | Create | Fishing Ship |
| 31:46 | Create | Villager (Male) ×5 |
| 32:08 | Create | Villager (Male) |
| 33:24 | Research | Gold Mining |
| 33:30 | Research | Pikeman (upgrade) |
| 33:59 | Build | Town Center |
| 34:09 | Build | Mining Camp |
| 34:24 | Build | House |
| 34:26 | Build | House |
| 34:52 | Build | Barracks |
| 35:41 | Build | Castle |
| 35:45 | Create | Villager (Male) ×5 |
| 36:13 | Build | House |
| 36:21 | Create | Spearman |
| 36:21 | Create | Spearman |
| 36:25 | Create | Villager (Male) ×4 |
| 37:08 | Create | Samurai |
| 37:09 | Create | Samurai |
| 37:21 | Build | Dock |
| 38:16 | Create | Samurai |
| 38:42 | Research | Horse Collar |
| 38:59 | Build | House |
| 39:10 | Research | Squires |
| 39:19 | Build | Farm |
| 39:20 | Build | Farm |
| 39:21 | Build | Farm |
| 39:29 | Create | Spearman ×2 |
| 39:46 | Build | Monastery |
| 40:23 | Build | University |
| 40:26 | Create | Villager (Male) |
| 40:27 | Create | Villager (Male) |
| 40:27 | Create | Villager (Male) |
| 40:31 | Create | Spearman |
| 40:40 | Create | Monk |
| 41:11 | Create | Spearman |
| 41:12 | Create | Spearman |
| 41:18 | Create | Villager (Male) |
| 41:29 | Build | Farm |
Build order — kiddingfff
First 150 of 386 actions detected
| 0:43 | Build | Town Center |
| 1:10 | Build | Dock |
| 1:11 | Build | House |
| 2:57 | Create | Villager (Male) |
| 2:57 | Create | Villager (Male) |
| 2:57 | Create | Villager (Male) |
| 3:00 | Create | Villager (Male) |
| 3:01 | Create | Villager (Male) |
| 4:12 | Create | Fishing Ship |
| 4:12 | Create | Fishing Ship |
| 4:38 | Create | Villager (Male) |
| 4:38 | Create | Villager (Male) |
| 4:38 | Create | Villager (Male) |
| 4:44 | Build | House |
| 5:02 | Research | Loom |
| 5:26 | Create | Fishing Ship |
| 5:26 | Create | Fishing Ship |
| 5:55 | Create | Villager (Male) |
| 5:56 | Create | Villager (Male) |
| 5:56 | Create | Villager (Male) |
| 5:59 | Create | Fishing Ship |
| 5:59 | Create | Fishing Ship |
| 6:30 | Create | Villager (Male) |
| 6:30 | Create | Villager (Male) |
| 6:30 | Create | Villager (Male) |
| 6:36 | Build | House |
| 6:42 | Create | Villager (Male) |
| 6:42 | Create | Villager (Male) |
| 6:55 | Create | Villager (Male) |
| 6:55 | Create | Villager (Male) |
| 6:56 | Create | Villager (Male) |
| 7:12 | Create | Villager (Male) |
| 7:12 | Create | Villager (Male) |
| 7:12 | Create | Villager (Male) |
| 7:29 | Create | Fishing Ship |
| 7:29 | Create | Fishing Ship |
| 7:30 | Create | Fishing Ship |
| 8:05 | Create | Villager (Male) |
| 8:05 | Create | Villager (Male) |
| 8:06 | Create | Villager (Male) |
| 8:07 | Create | Villager (Male) |
| 8:08 | Create | Fishing Ship |
| 8:08 | Create | Fishing Ship |
| 8:08 | Create | Fishing Ship |
| 8:26 | Build | House |
| 8:54 | Create | Villager (Male) |
| 8:55 | Create | Villager (Male) |
| 8:55 | Create | Villager (Male) |
| 8:55 | Create | Villager (Male) |
| 8:55 | Create | Villager (Male) |
| 8:55 | Create | Villager (Male) |
| 9:08 | Create | Villager (Male) |
| 9:08 | Create | Villager (Male) |
| 9:23 | Create | Fishing Ship |
| 9:23 | Create | Fishing Ship |
| 9:57 | Build | House |
| 10:00 | Create | Villager (Male) |
| 10:01 | Create | Villager (Male) |
| 10:01 | Create | Villager (Male) |
| 10:01 | Create | Villager (Male) |
| 10:08 | Build | Lumber Camp |
| 11:25 | Build | Mining Camp |
| 11:55 | Research | Feudal Age |
| 11:55 | Research | Feudal Age |
| 11:55 | Research | Feudal Age |
| 12:03 | Build | Mining Camp |
| 12:17 | Build | House |
| 12:40 | Build | Outpost |
| 12:55 | Create | Villager (Male) |
| 12:58 | Create | Fishing Ship |
| 13:08 | Build | Barracks |
| 13:59 | Create | Villager (Male) |
| 14:05 | Build | House |
| 14:05 | Age | Feudal Age |
| 14:15 | Build | Watch Tower |
| 14:21 | Build | Archery Range |
| 14:25 | Create | Villager (Male) |
| 14:28 | Research | Double-Bit Axe |
| 14:31 | Create | Fishing Ship |
| 15:23 | Create | Archer |
| 15:24 | Create | Archer |
| 15:44 | Create | Archer |
| 16:20 | Create | Archer |
| 16:33 | Create | Archer |
| 16:34 | Create | Archer |
| 16:50 | Create | Villager (Male) |
| 16:50 | Create | Villager (Male) |
| 16:50 | Create | Villager (Male) |
| 17:12 | Build | Dock |
| 17:36 | Build | Blacksmith |
| 18:07 | Create | Villager (Male) |
| 18:08 | Create | Villager (Male) |
| 18:08 | Create | Villager (Male) |
| 19:18 | Build | Watch Tower |
| 19:30 | Create | Fishing Ship |
| 19:31 | Create | Fishing Ship |
| 19:33 | Build | House |
| 19:34 | Build | House |
| 19:44 | Research | Castle Age |
| 20:36 | Create | Villager (Male) |
| 20:39 | Create | Villager (Male) |
| 21:23 | Build | House |
| 22:13 | Research | Stone Mining |
| 22:20 | Create | Fishing Ship |
| 22:22 | Create | Fishing Ship |
| 22:24 | Age | Castle Age |
| 22:42 | Create | Villager (Male) |
| 22:42 | Create | Villager (Male) |
| 23:17 | Build | Castle |
| 23:51 | Research | Crossbowman (upgrade) |
| 24:11 | Create | Villager (Male) |
| 24:11 | Create | Villager (Male) |
| 25:16 | Research | Elite Skirmisher (upgrade) |
| 25:20 | Create | Skirmisher |
| 25:40 | Build | Town Center |
| 26:27 | Create | Villager (Male) |
| 27:52 | Create | Archer |
| 28:19 | Research | Wheelbarrow |
| 28:21 | Create | Villager (Male) |
| 28:21 | Create | Villager (Male) |
| 28:22 | Create | Villager (Male) |
| 28:37 | Build | Mill |
| 28:46 | Create | Fishing Ship |
| 28:46 | Create | Fishing Ship |
| 28:46 | Create | Fishing Ship |
| 28:51 | Build | Dock |
| 29:05 | Build | Farm |
| 29:05 | Build | Farm |
| 29:05 | Build | Farm |
| 29:05 | Build | Farm |
| 29:05 | Build | Farm |
| 29:06 | Build | Farm |
| 29:06 | Build | Farm |
| 29:06 | Build | Farm |
| 29:07 | Build | Farm |
| 29:07 | Build | Farm |
| 29:07 | Build | Farm |
| 29:10 | Research | Horse Collar |
| 29:46 | Create | Fishing Ship |
| 29:46 | Create | Fishing Ship |
| 29:50 | Create | Fishing Ship |
| 29:50 | Create | Fishing Ship |
| 29:54 | Research | Tech 906 |
| 30:00 | Create | Villager (Male) |
| 30:00 | Create | Villager (Male) |
| 30:01 | Create | Villager (Male) |
| 30:18 | Create | Villager (Male) |
| 30:20 | Create | Villager (Male) |
| 30:39 | Create | Villager (Male) |
| 30:40 | Create | Villager (Male) |
Match timeline
| 0:56 | 沉睡的小五郎 · first_building Dock |
| 1:03 | 沉睡的小五郎 · wall_segment Palisade Wall x1 |
| 1:04 | 沉睡的小五郎 · wall_segment Palisade Wall x1 |
| 1:10 | kiddingfff · first_building Dock |
| 1:10 | 沉睡的小五郎 · wall_segment Palisade Wall x1 |
| 1:36 | kontakt · first_building Dock |
| 1:56 | 沉睡的小五郎 · wall_segment Palisade Wall x1 |
| 2:55 | XONE · first_building Dock |
| 3:20 | Gametofit · wall_segment Palisade Wall x1 |
| 6:55 | BoomSex · first_building Dock |
| 7:06 | Gametofit · first_building Dock |
| 11:43 | 沉睡的小五郎 · wall_segment Palisade Wall x5 |
| 12:00 | kontakt · first_building Barracks |
| 12:09 | kontakt · wall_segment Palisade Wall x1 |
| 12:25 | kontakt · age_up feudal |
| 12:40 | Gametofit · first_building Barracks |
| 13:08 | kiddingfff · first_building Barracks |
| 13:39 | 沉睡的小五郎 · age_up feudal |
| 13:51 | 沉睡的小五郎 · first_building Barracks |
| 14:05 | kiddingfff · age_up feudal |
| 14:16 | BoomSex · age_up feudal |
| 14:21 | kiddingfff · first_building Archery Range |
| 14:26 | XONE · first_building Barracks |
| 14:37 | kontakt · first_building Archery Range |
| 14:53 | XONE · wall_segment Palisade Wall x2 |
| 15:14 | Gametofit · age_up feudal |
| 15:18 | BoomSex · first_building Barracks |
| 15:47 | 沉睡的小五郎 · wall_segment Palisade Wall x3 |
| 15:52 | XONE · age_up feudal |
| 16:04 | BoomSex · first_building Stable |
| 16:16 | kontakt · wall_segment Palisade Wall x5 |
| 16:23 | Gametofit · wall_segment Palisade Wall x1 |
| 16:29 | 沉睡的小五郎 · wall_segment Palisade Wall x6 |
| 16:31 | kontakt · wall_segment Palisade Wall x8 |
| 16:32 | Gametofit · first_building Archery Range |
| 16:35 | kontakt · wall_segment Palisade Wall x7 |
| 16:52 | kontakt · wall_segment Palisade Wall x3 |
| 16:55 | Gametofit · wall_segment Palisade Wall x11 |
| 17:11 | kontakt · wall_segment Palisade Wall x1 |
| 17:18 | kontakt · wall_segment Palisade Wall x7 |
| 17:25 | Gametofit · wall_segment Palisade Wall x1 |
| 17:43 | 沉睡的小五郎 · first_building Archery Range |
| 18:09 | kontakt · age_up castle |
| 18:14 | 沉睡的小五郎 · wall_segment Palisade Wall x7 |
| 18:15 | 沉睡的小五郎 · wall_segment Palisade Wall x11 |
| 18:37 | 沉睡的小五郎 · first_market_buy 100 wood |
| 18:41 | 沉睡的小五郎 · age_up castle |
| 18:55 | 沉睡的小五郎 · tribute_sent a jugador 1 |
| 18:55 | 沉睡的小五郎 · tribute_sent a jugador 2 |
| 18:55 | 沉睡的小五郎 · tribute_sent a jugador 3 |
| 18:55 | 沉睡的小五郎 · tribute_sent a jugador 5 |
| 18:55 | 沉睡的小五郎 · tribute_sent a jugador 6 |
| 19:13 | 沉睡的小五郎 · wall_segment Palisade Wall x9 |
| 19:26 | BoomSex · age_up castle |
| 19:54 | XONE · age_up castle |
| 20:02 | 沉睡的小五郎 · wall_segment Palisade Wall x17 |
| 20:26 | XONE · first_building Krepost |
| 20:37 | XONE · first_market_buy 100 stone |
| 21:40 | BoomSex · first_market_sell 100 food |
| 22:00 | 沉睡的小五郎 · wall_segment Palisade Wall x4 |
| 22:02 | 沉睡的小五郎 · wall_segment Palisade Wall x10 |
| 22:16 | 沉睡的小五郎 · tribute_sent a jugador 1 |
| 22:16 | 沉睡的小五郎 · tribute_sent a jugador 2 |
| 22:16 | 沉睡的小五郎 · tribute_sent a jugador 3 |
| 22:16 | 沉睡的小五郎 · tribute_sent a jugador 5 |
| 22:16 | 沉睡的小五郎 · tribute_sent a jugador 6 |
| 22:24 | kiddingfff · age_up castle |
| 22:30 | BoomSex · first_market_buy 100 stone |
| 23:17 | kiddingfff · first_building Castle |
| 23:54 | 沉睡的小五郎 · first_building Castle |
| 25:01 | Gametofit · wall_segment Palisade Wall x1 |
| 25:48 | 沉睡的小五郎 · first_building Siege Workshop |
| 26:40 | kontakt · first_building Siege Workshop |
| 27:28 | kontakt · first_building Castle |
| 28:07 | kontakt · wall_segment Stone Wall x5 |
| 28:08 | kontakt · wall_segment Stone Wall x7 |
| 28:09 | kontakt · wall_segment Stone Wall x10 |
| 28:23 | Gametofit · age_up castle |
| 28:44 | kontakt · wall_segment Stone Wall x11 |
| 31:16 | kontakt · wall_segment Stone Wall x4 |
| 32:18 | kontakt · wall_segment Stone Wall x8 |
| 32:27 | 沉睡的小五郎 · wall_segment Stone Wall x12 |
| 32:37 | 沉睡的小五郎 · wall_segment Stone Wall x1 |
| 33:08 | kontakt · wall_segment Stone Wall x4 |
| 33:09 | 沉睡的小五郎 · wall_segment Stone Wall x1 |
| 33:12 | kontakt · wall_segment Stone Wall x10 |
| 33:48 | 沉睡的小五郎 · wall_segment Stone Wall x4 |
| 34:58 | 沉睡的小五郎 · first_market_sell 100 food |
| 35:41 | Gametofit · first_building Castle |
| 35:42 | BoomSex · resign |
| 35:47 | 沉睡的小五郎 · wall_segment Stone Wall x1 |
| 36:01 | 沉睡的小五郎 · wall_segment Stone Wall x7 |
| 36:02 | kontakt · first_market_buy 100 food |
| 36:59 | 沉睡的小五郎 · wall_segment Stone Wall x1 |
| 37:23 | 沉睡的小五郎 · first_building Monastery |
| 37:50 | kiddingfff · first_building Monastery |
| 39:31 | kontakt · age_up imperial |
| 39:46 | Gametofit · first_building Monastery |
| 39:51 | kontakt · wall_segment Stone Wall x1 |
| 40:16 | kontakt · first_building Stable |
| 44:46 | kontakt · first_market_sell 100 food |
| 45:29 | kiddingfff · age_up imperial |
| 47:45 | XONE · first_market_sell 100 food |
| 51:14 | Gametofit · first_building Siege Workshop |
| 55:32 | kiddingfff · first_building Siege Workshop |
| 55:51 | Gametofit · age_up imperial |
| 59:19 | XONE · age_up imperial |
[ AI ANALYSIS · 1 CREDIT ]
What really happened in this match?
Wolo.gg analyzes every decision: build order, eco, micro, common mistakes by bracket. Personalized analysis on WhatsApp or Discord in 30 seconds.
Civ guide
Bulgarians
Perfil
Jugador #230718